 Dungeon Crawl Stone Soup version 0.30-a0-121-gb27577e5d9 (webtiles) character file.

Game seed: 243097031478832607

217 ytrimaz the Stinger (level 5, -3/36 HPs)
             Began as an Octopode Transmuter on Sept 14, 2022.
             Splashed by a jelly's acid (8 damage)
             ... on level 4 of the Dungeon.
             The game lasted 00:04:49 (4838 turns).

ytrimaz the Stinger (Octopode Transmuter)           Turns: 4838, Time: 00:04:50

Health: -3/36      AC: -7    Str: 10    XL:     5   Next: 94%
Magic:  8/8        EV: 13    Int: 23    God:
Gold:   92         SH:  0    Dex: 12    Spells: 3/9 levels left

rFire   . . .      SeeInvis .    c - +2 dagger (speed)
rCold   . . .      Faith    .    (no shield)
rNeg    . . .      Spirit   .    (helmet currently unavailable)
rPois   .          Reflect  .    (no amulet)
rElec   .          Harm     .    f - +6 ring of intelligence
rCorr   .          Rampage  .    (no ring)
Will    .....                    (no ring)
Stlth   ++........               (no ring)
HPRegen 0.12/turn                (no ring)
MPRegen 0.11/turn                (no ring)
                                 (no ring)
                                 (no ring)

@: appendages, corroded, flying
A: tentacle spike 3, almost no armour, amphibious, 8 rings, camouflage 1,
gelatinous body 1, (nimble swimmer 1), tentacles
a: End Transformation


You were on level 4 of the Dungeon.
One of your tentacles had grown a beastly spike.
You visited 1 branch of the dungeon, and saw 4 of its levels.

You collected 174 gold pieces.
You spent 82 gold pieces at shops.


Innate Abilities, Weirdness & Mutations

One of your tentacles has grown a beastly spike.
You cannot wear most types of armour.
You are amphibious.
You can wear up to eight rings at the same time.
Your skin changes colour to match your surroundings (Stealth+).
Your rubbery body absorbs attacks. (AC +1, EV +1)
((You are camouflaged when in or above water. (Stealth+)))
You have tentacles for arms and can constrict up to eight enemies at once.


   Skills:
 + Level 3.6 Fighting
 - Level 2.0 Dodging
 - Level 3.0 Unarmed Combat
 + Level 2.5 Spellcasting
 + Level 2.5 Transmutations
 - Level 4.0 Poison Magic


You had 3 spell levels left.
You knew the following spells:

 Your Spells              Type           Power      Damage    Failure   Level
a - Beastly Appendage     Tmut           28%        N/A       4%          1
b - Wereblood             Tmut           14%        N/A       6%          2
c - Spider Form           Tmut/Pois      17%        N/A       10%         3

Your spell library contained the following spells:

 Spells                   Type           Power      Damage    Failure   Level
 Apportation              Tloc           4%         N/A       12%         1
 Necrotise                Necr           8%         1d4       12%         1
 Summon Small Mammal      Summ           8%         N/A       12%         1
 Sublimation of Blood     Necr           2%         N/A       19%         2
 Ozocubu's Armour         Ice            2%         N/A       36%         3
 Ice Form                 Ice/Tmut       8%         N/A       58%         4
 Petrify                  Tmut/Erth      8%         N/A       58%         4
 Irradiate                Conj/Tmut      4%         3d13      90%         5
 Metabolic Englaciation   Hex/Ice        1%         N/A       98%         5
 Simulacrum               Ice/Necr       1%         N/A       100%        6

Inventory:

Hand Weapons
 c - a +2 dagger of speed (weapon)
   (You took it off a kobold on level 1 of the Dungeon)
Jewellery
 f - a +6 ring of intelligence (left tentacle)
   (You found it on level 2 of the Dungeon)
Scrolls
 a - a scroll of butterflies
 d - 2 scrolls of fear
 e - a scroll of blinking
 g - a scroll of amnesia

Dungeon Overview and Level Annotations

Branches:
Dungeon (4/15) Zot: 19229
 Temple: D:4-7

Altars:
Xom

Shops:
D:2 *[

Annotations:
D:3 2 runed translucent doors

#.###.####.# ##.## ..#
##.....###...### ..#
##........#...# ....
#.#######...#.# ...
#<# ###.#.# .. #.#
#.#.# . ..#
#########.#.##
....#####.........)..#
J.....J@..#######.#..#
....#####.........#..#
. #######.#########..#
<............# #..#
#######.####.# #..###
#.# ##.## #....#
#.###...####)#.#
#............#.#
#####...######.#


You could see a jelly and an endoplasm (wandering).


Message History

Unknown command.
The orc shouts!
You see here 9 gold pieces.
You extend your transformation's duration.
The orc closely misses you. 😎 MP[-1]
You lost 1 mp, and now have 7/8 mp.
The orc closely misses you.
You hit the orc. Your grab misses the orc.
Unknown command.
You hit the orc but do no damage. You grab the orc. You constrict the orc.
The orc closely misses you.
You hit the orc but do no damage.
You pierce the orc.
You kill the orc!
No target in view!
Unknown command.
You now have 85 gold pieces (gained 9).
Things that are here:
a +0 trident; an orc corpse Your transformation is almost over.
You now have 92 gold pieces (gained 7).
Your tentacle spike disappears.
You see here a +0 short sword.
You see here a +0 short sword.
Key pressed, stopping explore.
Found a stone staircase leading up. 😎 MP[+1]
Your mp is fully restored (8).
A jelly comes into view.
Unknown command.
A jelly is nearby!
Unknown command.
A jelly is nearby!
A jelly is nearby!
One of your tentacles grows a vicious spike.
The jelly quivers. 😎 MP[-1]
You lost 1 mp, and now have 7/8 mp.
Unknown command.
An endoplasm comes into view.
The endoplasm moves out of view.
Unknown command.
You hit the jelly.
Your tentacles burn!
The jelly hits you. The acid corrodes you!
You are splashed with acid. 😕 HP[-7]
You take 7 damage, and now have 29/36 hp.
You hit the jelly but do no damage.
Your tentacles burn!
You pierce the jelly, but do no damage.
The jelly completely misses you. 😮 HP[-5]
You take 5 damage, and now have 24/36 hp.
You are too injured to fight recklessly!
Unknown command.
You hit the jelly.
Your tentacles burn!
You pierce the jelly, but do no damage.
You squeeze the jelly. The jelly barely misses you. 😮 HP[-3]
You take 3 damage, and now have 21/36 hp.
You hit the jelly but do no damage.
Your tentacles burn!
* * * LOW HITPOINT WARNING * * *
You pierce the jelly, but do no damage.
Unknown command. 😨 HP[-3]
You take 3 damage, and now have 18/36 hp.
You hit the jelly but do no damage.
Your tentacles burn!
* * * LOW HITPOINT WARNING * * *
You squeeze the jelly. The jelly barely misses you. 😨 HP[-1]
You take 1 damage, and now have 17/36 hp.
Unknown command.
You hit the jelly. The acid corrodes you!
Your tentacles burn!
* * * LOW HITPOINT WARNING * * *
The jelly closely misses you. 😨 HP[-2]
You take 2 damage, and now have 15/36 hp.
Unknown command.
You hit the jelly but do no damage.
Your tentacles burn!
* * * LOW HITPOINT WARNING * * *
You pierce the jelly, but do no damage.
You squeeze the jelly, but do no damage. 😨 HP[-4]
You take 4 damage, and now have 11/36 hp.
Unknown command.
You hit the jelly but do no damage.
Your tentacles burn!
* * * LOW HITPOINT WARNING * * *
You pierce the jelly.
The jelly completely misses you. 😨 HP[-1] MP[+1]
You take 1 damage, and now have 10/36 hp.
Your mp is fully restored (8).
Unknown command.
You hit the jelly but do no damage.
Your tentacles burn!
* * * LOW HITPOINT WARNING * * *
You pierce the jelly, but do no damage.
You squeeze the jelly. The jelly closely misses you. 😱 HP[-4]
You take 4 damage, and now have 6/36 hp.
It was a potion of flight.
You feel very buoyant.
You fly up into the air.
The jelly hits you.
* * * LOW HITPOINT WARNING * * *
You are splashed with acid!
You die...

Skill      XL: |  1  2  3  4  5 |
---------------+----------------+-----
Poison Magic   | 2 3 4 |  4.0
Fighting       | 2 3 |  3.6
Dodging        | |  2.0
Unarmed Combat | |  3.0
Spellcasting   | |  2.5
Transmutations | |  2.5

Action                   |  1- 3 |  4- 6 || total
-------------------------+-------+-------++-------
Melee: Unarmed           |    21 |       ||    21
       Kick              |    14 |    32 ||    46
       Constrict         |    21 |    22 ||    43
       Dagger            |    49 |   112 ||   161
       Tentacles         |    10 |    18 ||    28
       Punch             |     4 |     2 ||     6
 Cast: Beastly Appendage |    16 |    15 ||    31
       Wereblood         |       |     3 ||     3
  Use: Scroll            |     1 |     7 ||     8
       Potion            |       |     5 ||     5
 Stab: Sleeping          |     5 |     2 ||     7
Armor: Skin              |     2 |     8 ||    10
Dodge: Dodged            |    32 |    72 ||   104

Levels and vault maps discovered:
D:1:      dpeg_arrival_three_bigger_balls, layout_loops_corners
D:2:      layout_loops_ring, serial_shops, shop, nicolae_shop_hallway_stairs,
          shop, minivault_11, minmay_misc_feat_room
D:3:      due_chaos_kobolds, layout_basic,
          shapermc_ecumenical_altar_mp_highgroup
D:4:      layout_loops_ring, nicolae_overflow_crystal_walls

Notes
Turn   | Place    | Note
-------+----------+-------------------------------------------
     0 | D:1      | ytrimaz the Octopode Transmuter began the quest for the
                  | Orb.
     0 | D:1      | Reached XP level 1. HP: 13/13 MP: 3/3
     0 | D:1      | magus.rc [v1.9.6]
   503 | D:1      | Reached XP level 2. HP: 18/18 MP: 3/5
  1450 | D:1      | Reached XP level 3. HP: 24/24 MP: 6/6
  1460 | D:1      | You pick up a book of Alchemy and begin reading...
  1460 | D:1      | You add the spells Sublimation of Blood, Petrify and
                  | Irradiate to your library.
  1512 | D:1      | Learned a level 2 spell: Wereblood
  1516 | D:1      | Learned a level 3 spell: Spider Form
  1669 | D:2      | Found Ykoevu's Weapon Boutique.
  1902 | D:2      | Found Ofyig's Armour Emporium.
  1943 | D:2      | Reached skill level 1 in Poison Magic
  2035 | D:2      | Reached skill level 2 in Fighting
  2047 | D:2      | Reached skill level 2 in Poison Magic
  2047 | D:2      | Reached XP level 4. HP: 20/29 MP: 5/7
  2334 | D:2      | HP: 6/30 [gnoll/+0 flail (9)]
  2341 | D:1      | HP: 7/45 [gnoll/+0 flail (2)]
  2350 | D:1      | Reached skill level 3 in Poison Magic
  2916 | D:2      | Found Plog's Assorted Antiques.
  2924 | D:2      | Bought a bubbling green potion for 19 gold pieces
  2924 | D:2      | Bought a bubbling green potion for 19 gold pieces
  2924 | D:2      | Bought a scroll of identify for 44 gold pieces
  2948 | D:2      | You pick up a book of Cantrips and begin reading...
  2948 | D:2      | You add the spells Necrotise, Summon Small Mammal and
                  | Apportation to your library.
  3097 | D:2      | Reached XP level 5. HP: 33/35 MP: 8/8
  3147 | D:2      | You pick up a book of Winter and begin reading...
  3147 | D:2      | You add the spells Ozocubu's Armour, Metabolic Englaciation
                  | and Simulacrum to your library.
  3414 | D:3      | Reached skill level 3 in Fighting
  3418 | D:3      | Reached skill level 4 in Poison Magic
  3959 | D:3      | Found a large runed translucent door.
  3959 | D:3      | Found a large runed translucent door.
  4061 | D:3      | Found a faded altar of an unknown god.
  4087 | D:3      | HP: 9/36 [something (1)]
  4092 | D:3      | HP: 6/36 [something (1)]
  4655 | D:3      | Found a shimmering altar of Xom.
  4837 | D:4      | HP: 6/36 [acid (4)]
  4838 | D:4      | Splashed by a jelly's acid

Vanquished Creatures
  2 orc wizards (D:3)
  8 gnolls
  2 worms
  A dart slug (D:2)
  11 orcs
  5 bats
  5 endoplasms
  3 giant cockroaches
  2 goblins (D:1)
  7 hobgoblins
  9 kobolds
  3 quokkas
  5 ball pythons
  4 frilled lizards
  5 rats
72 creatures vanquished.

Table legend:
 A = Non-vault XP
 B = Vault XP
 C = Vault XP percentage of total XP
 D = Non-vault monster count
 E = Vault monster count
 F = Vault count percentage of total count
                 A         B        C        D         E       F
            +---------+---------+-------+---------+---------+-------
      Total |     310 |       0 |   0.0 |      72 |       0 |   0.0
            +---------+---------+-------+---------+---------+-------
        D:1 |      50 |       0 |   0.0 |      22 |       0 |   0.0
        D:2 |     133 |       0 |   0.0 |      25 |       0 |   0.0
        D:3 |     122 |       0 |   0.0 |      23 |       0 |   0.0
        D:4 |       5 |       0 |   0.0 |       2 |       0 |   0.0
            +---------+---------+-------+---------+---------+-------

Illustrated notes

Table legend:
 A = Kills in this place as a percentage of kills in entire the game.
 B = Kills by you in this place as a percentage of kills by you in the entire game.
 C = Kills by friends in this place as a percentage of kills by friends in the entire game.
 D = Other kills in this place as a percentage of other kills in the entire game.
 E = Experience gained in this place as a percentage of experience gained in the entire game.
 F = Experience gained in this place divided by the number of levels of this place that you have seen.
                   A       B       C       D       E      F
               +-------+-------+-------+-------+-------+----------------------
         Total | 100.0 | 100.0 |   N/A |   N/A | 100.0 |  77.5
       Dungeon | 100.0 | 100.0 |   N/A |   N/A | 100.0 |  77.5
               +-------+-------+-------+-------+-------+----------------------

Table legend: (Time is in decaauts)
 A = Elapsed time spent in this place.
 B = Non-inter-level travel time spent in this place.
 C = Inter-level travel time spent in this place.
 D = Time resting spent in this place.
 E = Time spent auto-exploring this place.
 F = Levels seen in this place.
 G = Mean time per level.
                   A        B        C        D        E       F      G
               +--------+--------+--------+--------+--------+-----+--------+
         Total |   4769 |   4663 |    106 |    307 |   3773 |   4 | 1192.2 |
       Dungeon |   4769 |   4663 |    106 |    307 |   3773 |   4 | 1192.2 |
               +--------+--------+--------+--------+--------+-----+--------+

Top non-repeatable levels by time:
     D:1: 2033 daAuts
     D:2: 1414 daAuts
     D:3: 1219 daAuts
     D:4: 102 daAuts
